 Dungeon Crawl Stone Soup version 0.28-a0-909-g796cbd3a86 (webtiles) character file.

Game seed: 2680442677980561218

18 AarnesTheHuman the Chopper (level 2, 23/23 HPs)
             Began as a Demonspawn Gladiator on Nov 24, 2021.
             Was a Follower of Okawaru.
             Got out of the dungeon alive.
             The game lasted 00:01:06 (975 turns).

AarnesTheHuman the Chopper (Demonspawn Gladiator)    Turns: 975, Time: 00:01:07

Health: 23/23      AC:  4    Str: 14    XL:     2   Next: 48%
Magic:  2/2        EV: 12    Int:  9    God:    Okawaru [*.....]
Gold:   18         SH:  0    Dex: 14    Spells: 1/1 levels left

rFire   . . .      SeeInvis .   a - +0 war axe
rCold   . . .      Faith    .   (no shield)
rNeg    . . .      Spirit   .   b - +0 leather armour
rPois   .          Reflect  .   c - +0 helmet
rElec   .          Harm     .   (no cloak)
rCorr   .          Rampage  .   (no gloves)
Will    .....                   (no boots)
Stlth   +.........              (no amulet)
HPRegen 0.07/turn               (no ring)
MPRegen 0.08/turn               (no ring)

@: no status effects
A: claws 1
a: Renounce Religion, Heroism


You escaped.
You worshipped Okawaru.
Okawaru was aware of your devotion.
You visited 1 branch of the dungeon, and saw 1 of its levels.

You collected 18 gold pieces.

Inventory:

Hand Weapons
 a - a +0 war axe (weapon)
Missiles
 d - 3 throwing nets (quivered)
Armour
 b - a +0 leather armour (worn)
 c - a +0 helmet (worn)
Jewellery
 g - a +6 ring of intelligence
Scrolls
 h - a scroll of enchant weapon {unknown}
Potions
 e - a potion of magic {unknown}
 f - a potion of lignification {unknown}


   Skills:
 + Level 2.4 Fighting
 + Level 3.0 Axes
 - Level 1.7 Throwing
 + Level 1.0 Armour
 - Level 2.6 Dodging


You had one spell level left.
You didn't know any spells.
Your spell library contained the following spells:

 Spells                   Type           Power      Damage    Failure   Level
 Sting                    Tmut/Pois      0%         1d3       45%         1
 Poisonous Vapours        Pois/Air       0%         N/A       58%         2
 Olgreb's Toxic Radiance  Pois           0%         N/A       99%         4


Dungeon Overview and Level Annotations

Branches:
Dungeon (1/15)

Altars:
Okawaru


Innate Abilities, Weirdness & Mutations

You have sharp fingernails.


Message History

A giant cockroach is nearby!
The giant cockroach closely misses you.
You slash the giant cockroach!
You kill the giant cockroach!
Your Axes skill increases to level 3!
No target in view!
No target in view!
h - a scroll labelled OKAEVI CYAHU A rat comes into view.
A rat is nearby!
Found a faded altar of an unknown god.
You hit the rat.
You kill the rat!
Your Armour skill increases to level 1!
No target in view!
No target in view!
No target in view!
You now have 18 gold pieces (gained 11).
You open the door.
There is an open door here.
An endoplasm comes into view.
The helpless endoplasm fails to defend itself.
You hit the endoplasm.
The endoplasm is severely wounded.
The endoplasm misses you.
The endoplasm hits you but does no damage.
You slash the endoplasm!
You kill the endoplasm!
No target in view!
There is a faded altar of an unknown god here.
You cannot tell which god this altar belongs to.
Convert to them anyway?
Okawaru accepts your prayer! Okawaru welcomes you!
You can now gain great but temporary skills.
You see here a rat corpse.
There is an open door, spattered with blood here.
There is an open door here.
There is a staircase leading out of the dungeon here.
Are you sure you want to leave the Dungeon?
This will make you lose the game!
You have escaped! #.#PPPPPPPPPPPPPPP......##.# #.#PPPPPPPPPPPPPPP......##.#

#.#PPPPP.....PPPPP#.#.####.##
#.#PPP..PPPPP..PPP..........#
#.#PP.PPP...PPP.PP..#.#######
#.#PP.PP.PPP.PP.PP..#.#
#.#P.PP.PP.PP.PP.P..#.#
#..P.P.PP.P.PP.P.P..###
#....P.P.PPP.P.P@P....#
#.#P.P.PP.P.PP.P.P.##.#
#.#P.PP.PP.PP.PP.P.##.#
..#PP.PP.PPP.PP.PP.##.#
#.#PP.PPP...PPP.PP.##.#
###PPP..PPPPP..PPP.##.#
..#PPPPP.....PPPPP.##.#


###PPPPPPPPPPPPPPP.##.# ###PPPPPPPPPPPPPPP.##.# There were no monsters in sight!

Vanquished Creatures
  3 ball pythons (D:1)
  A bat (D:1)
  2 endoplasms (D:1)
  A giant cockroach (D:1)
  A goblin (D:1)
  2 hobgoblins (D:1)
  3 jackals (D:1)
  2 rats (D:1)
15 creatures vanquished.

Notes
Turn   | Place    | Note
-------+----------+-------------------------------------------
     0 | D:1      | AarnesTheHuman the Demonspawn Gladiator began the quest for
                  | the Orb.
     0 | D:1      | Reached XP level 1. HP: 16/16 MP: 1/1
   489 | D:1      | Gained mutation: You have sharp fingernails. [demonic
                  | ancestry]
   489 | D:1      | Reached XP level 2. HP: 15/22 MP: 2/2
   834 | D:1      | Reached skill level 3 in Axes
   842 | D:1      | Found a faded altar of an unknown god.
   844 | D:1      | Reached skill level 1 in Armour
   884 | D:1      | Prayed at the altar of an unknown god.
   884 | D:1      | Became a worshipper of Warmaster Okawaru
   884 | D:1      | Reached * piety under Okawaru
   975 | D:$      | Got out of the dungeon alive.

Illustrated notes

Levels and vault maps discovered:
D:1:      roderic_crop_circles_arrival_small, layout_basic,
          ebering_ecumenical_altar_mist

Skill      XL: |  1  2 |
---------------+-------+-----
Axes           | 3 |  3.0
Armour         | 1 |  1.0
Fighting       | |  2.4
Throwing       | |  1.7
Dodging        | |  2.6

Action                   || total
-------------------------++-------
Melee: War axe           ||    45
 Stab: Distracted        ||     1
       Sleeping          ||     1
Armor: Leather armour    ||    22
Dodge: Dodged            ||    39

Table legend: (Time is in decaauts)
 A = Elapsed time spent in this place.
 B = Non-inter-level travel time spent in this place.
 C = Inter-level travel time spent in this place.
 D = Time resting spent in this place.
 E = Time spent auto-exploring this place.
 F = Levels seen in this place.
 G = Mean time per level.
                   A        B        C        D        E       F      G
               +--------+--------+--------+--------+--------+-----+--------+
         Total |    991 |    902 |     89 |      0 |    770 |   1 |  991.0 |
       Dungeon |    991 |    902 |     89 |      0 |    770 |   1 |  991.0 |
               +--------+--------+--------+--------+--------+-----+--------+

Top non-repeatable levels by time:
     D:1: 991 daAuts
